 Dungeon Crawl Stone Soup version 0.23-a0-612-gcb482e9 (webtiles) character file.

4 tidbits the Caller (level 1, 0/13 HPs)
             Began as a Gnoll Summoner on Dec 21, 2018.
             Slain by a quokka (2 damage)
             ... on level 2 of the Dungeon.
             The game lasted 00:00:50 (70 turns).

tidbits the Caller (Gnoll Summoner)                   Turns: 70, Time: 00:00:51

Health: 0/13       AC:  2    Str: 10    XL:     1   Next: 70%
Magic:  2/6        EV: 14    Int: 17    God:
Gold:   25         SH:  0    Dex: 15    Spells: 8/9 levels left

rFire    . . .     SeeInvis .   a - +0 dagger
rCold    . . .     Gourm    .   (no shield)
rNeg     . . .     Faith    .   d - +0 robe
rPois    .         Spirit   .   (no helmet)
rElec    .         Reflect  .   (no cloak)
rCorr    .         Harm     .   (no gloves)
MR       .....                  (no boots)
Stlth    +++.......             (no amulet)
HPRegen  0.04/turn              (no ring)
MPRegen  0.10/turn              (no ring)

@: no status effects
A: distributed training, fangs 1, strong nose
a: no special abilities


You were on level 2 of the Dungeon.
You were not hungry.

You visited 1 branch of the dungeon, and saw 2 of its levels.

You collected 25 gold pieces.

Inventory:

Hand Weapons
 a - a +0 dagger (weapon)
Armour
 d - a +0 robe (worn)
Potions
 b - a potion of agility {unknown}
Comestibles
 c - a ration


   Skills:
 + Level 0.1 Fighting
 + Level 0.1 Short Blades
 + Level 0.1 Long Blades
 + Level 0.1 Axes
 + Level 0.1 Maces & Flails
 + Level 0.1 Polearms
 + Level 0.1 Staves
 + Level 0.1 Slings
 + Level 0.1 Bows
 + Level 0.1 Crossbows
 + Level 0.1 Throwing
 + Level 0.1 Armour
 + Level 4.4 Dodging
 + Level 4.0 Stealth
 + Level 0.1 Shields
 + Level 0.1 Unarmed Combat
 + Level 4.9 Spellcasting
 + Level 0.1 Conjurations
 + Level 0.1 Hexes
 + Level 0.1 Charms
 + Level 7.0 Summonings
 + Level 0.1 Necromancy
 + Level 0.1 Translocations
 + Level 0.1 Transmutations
 + Level 0.1 Fire Magic
 + Level 0.1 Ice Magic
 + Level 0.1 Air Magic
 + Level 0.1 Earth Magic
 + Level 0.1 Poison Magic
 + Level 0.2 Invocations
 + Level 0.1 Evocations


You had 8 spell levels left.
You knew the following spells:

 Your Spells              Type           Power        Failure   Level  Hunger
a - Summon Small Mammal   Summ           ####         1%          1    None

Your spell library contained the following spells:

 Spells                   Type           Power        Failure   Level  Hunger
 Call Imp                 Summ           ####....     1%          2    #......
 Call Canine Familiar     Summ           ####....     2%          3    ###....
 Summon Guardian Golem    Hex/Summ       ###.....     10%         3    ###....
 Summon Ice Beast         Ice/Summ       ###.....     32%         4    ####...
 Summon Lightning Spire   Summ/Air       ###.....     32%         4    ####...


Dungeon Overview and Level Annotations

Branches:
Dungeon (2/15)

Altars:


Innate Abilities, Weirdness & Mutations

Your experience applies equally to all skills.
You have very sharp teeth.
Your uncanny sense of smell can sniff out nearby items.


Message History

Adjust which item? (? for menu, Esc to quit)
d - a +0 dagger (weapon)
Adjust to which letter? (? for menu, Esc to quit)
a - a +0 dagger (weapon);
d - a +0 robe (worn)
A kobold comes into view.
Found 13 gold pieces.
Casting: Summon Small Mammal (safe; 1% risk of failure)
Confirm with . or Enter, or press ? or * to list all spells.
What are your orders? t - Bark!
Orders for allies: a - Attack new target. r - Retreat! s - Stop attacking. g - Guard the area. f - Follow me.
Anything else - Cancel.
Gang up on whom?
Press: ? - help, Dir - move target cursor, f - kobold
Aim: a kobold (resting) Attack!
A rat comes into view.
Your quokka bites the kobold!
The kobold dies!
Unknown command.
Unknown command.
Your quokka bites the rat. x2
The rat dies!
Things that are here:
2 stones; 13 gold pieces You now have 13 gold pieces.
Your quokka disappears in a puff of smoke!
Your rat disappears in a puff of smoke!
You see here 12 gold pieces.
You now have 25 gold pieces (gained 12).
There is a stone staircase leading down here.
You climb downwards.
Your summoned ally is left behind.
A worm comes into view.
Found 23 stones and a ration.
There is a stone staircase leading up here.
Unknown command.
The helpless worm fails to defend itself.
You puncture the worm!
The worm is severely wounded.
Casting: Summon Small Mammal (safe; 1% risk of failure)
Confirm with . or Enter, or press ? or * to list all spells.
The worm bites you!
Ouch! That really hurt!
* * * LOW HITPOINT WARNING * * *
You hit the worm.
The worm is severely wounded.
Your quokka barely misses the worm.
The worm misses you.
You hit the worm.
The worm is almost dead.
Your quokka bites the worm.
The worm dies!
Casting: Summon Small Mammal (safe; 1% risk of failure)
Confirm with . or Enter, or press ? or * to list all spells.
Found a short sword.
You see here a worm corpse.
Unknown command.
An adder comes into view.
The adder hisses angrily.
Casting: Summon Small Mammal (safe; 1% risk of failure)
Confirm with . or Enter, or press ? or * to list all spells.
A quokka comes into view.
You swap places.
The adder barely misses your rat.
Casting: Summon Small Mammal (safe; 1% risk of failure)
Confirm with . or Enter, or press ? or * to list all spells.
The adder closely misses your rat. The adder bites your rat.
Your rat dies!
Your rat's corpse disappears in a puff of smoke!
The adder closely misses your quokka.
Your quokka misses the adder. The adder misses your quokka.
Casting: Summon Small Mammal (safe; 1% risk of failure)
Confirm with . or Enter, or press ? or * to list all spells.
The quokka barely misses your quokka.
Your quokka bites the adder.
Your quokka misses the quokka. The adder closely misses your quokka.
Your quokka bites the adder.
The quokka closely misses your quokka.
Your quokka completely misses the adder.
Your quokka misses the quokka.
The adder bites your quokka but does no damage.
Your quokka bites the adder.
Your quokka misses the adder.
Casting: Summon Small Mammal (safe; 1% risk of failure)
Confirm with . or Enter, or press ? or * to list all spells.
Your quokka disappears in a puff of smoke!
Your bat closely misses the adder.
The adder bites your quokka but does no damage.
Your quokka barely misses the adder.
Your bat hits the adder.
Your bat hits the adder but does no damage.
The adder barely misses your bat.
Your quokka misses the adder. The quokka misses your bat.
Your quokka bites the quokka but does no damage.
Unknown command.
Your bat hits the adder but does no damage.
Your quokka misses the adder. You hit the adder.
The adder is almost dead.
Your bat hits the quokka but does no damage.
Your quokka closely misses the adder.
The quokka bites you.
You die...

P≈≈≈≈≈
P≈P≈≈≈##
≈≈≈≈≈≈..## ∆
≈≈≈≈.P...#
≈P≈≈≈....##
≈≈P.......#
≈≈≈....#..# #
#b@r# ...
#.rS##.....
#..r#.r......
###(#.#....##
∆∆....%....#
∆............
)....#.##.##.
......#.# .#
....... .. #


You could see an adder, a quokka, 3 friendly quokkas and a friendly bat.

Vanquished Creatures (collateral kills)
  A worm (D:2)
  A kobold (D:1)
  A rat (D:1)
3 creatures vanquished.

Notes
Turn   | Place    | Note
-------+----------+-------------------------------------------
     0 | D:1      | tidbits the Gnoll Summoner began the quest for the Orb.
     0 | D:1      | Reached XP level 1. HP: 13/13 MP: 6/6
    70 | D:2      | Slain by a quokka

Vault maps used:
D:1:      minmay_arrival_three_doors
D:2:      minmay_razor_zed, nicolae_overflow_crystal_walls, first_ration,
          chequers_big_river

Action                   || total
-------------------------++-------
Melee: Dagger            ||     4
 Cast: Summon Small Mamm ||     9
 Stab: Sleeping          ||     1
Dodge: Dodged            ||     1

Table legend:
 A = Non-vault XP
 B = Vault XP
 C = Vault XP percentage of total XP
 D = Non-vault monster count
 E = Vault monster count
 F = Vault count percentage of total count
                 A         B        C        D         E       F
            +---------+---------+-------+---------+---------+-------
      Total |       7 |       0 |   0.0 |       3 |       0 |   0.0
            +---------+---------+-------+---------+---------+-------
        D:1 |       2 |       0 |   0.0 |       2 |       0 |   0.0
        D:2 |       5 |       0 |   0.0 |       1 |       0 |   0.0
            +---------+---------+-------+---------+---------+-------

Table legend:
 A = Turns spent in this place as a percentage of turns spent in the entire game.
 B = Non-inter-level travel turns spent in this place as a percentage of non-inter-level travel turns spent in the entire game.
 C = Inter-level travel turns spent in this place as a percentage of turns spent in this place.
 D = Turns resting spent in this place as a percentage of non-inter-level travel turns spent in this place.
 E = Turns spent auto-exploring this place as a percentage of non-inter-level travel turns spent in this place.
 F = Non-inter-level travel turns spent in this place divided by the number of levels of this place that you've seen.
                   A       B       C       D       E      F
               +-------+-------+-------+-------+-------+----------------------
         Total | 100.0 | 100.0 |   0.0 |   0.0 |   0.0 |  35.0
       Dungeon | 100.0 | 100.0 |   0.0 |   0.0 |   0.0 |  35.0
               +-------+-------+-------+-------+-------+----------------------

Table legend:
 A = Kills in this place as a percentage of kills in entire the game.
 B = Kills by you in this place as a percentage of kills by you in the entire game.
 C = Kills by friends in this place as a percentage of kills by friends in the entire game.
 D = Other kills in this place as a percentage of other kills in the entire game.
 E = Experience gained in this place as a percentage of experience gained in the entire game.
 F = Experience gained in this place divided by the number of levels of this place that you have seen.
                   A       B       C       D       E      F
               +-------+-------+-------+-------+-------+----------------------
         Total | 100.0 |   N/A | 100.0 |   N/A | 100.0 |   3.5
       Dungeon | 100.0 |   N/A | 100.0 |   N/A | 100.0 |   3.5
               +-------+-------+-------+-------+-------+----------------------

Vault maps used:
D:1:      minmay_arrival_three_doors
D:2:      minmay_razor_zed, nicolae_overflow_crystal_walls, first_ration,
          chequers_big_river
